 Dungeon Crawl Stone Soup version 0.32-a0-928-g1cae6b7ea0 (webtiles) character file.

Game seed: 1611913315108239874

3043 Ofeo the Skirmisher (level 9, -4/64 HPs)
             Began as a Coglin Hunter on Apr 13, 2024.
             Was an Initiate of Okawaru.
             Slain by an unseen horror (6 damage)
             ... on level 8 of the Dungeon.
             The game lasted 00:09:28 (8628 turns).

Ofeo the Skirmisher (Coglin Hunter)                 Turns: 8628, Time: 00:09:28

Health: -4/64      AC:  7    Str: 11    XL:     9   Next: 86%
Magic:  9/9        EV: 11    Int:  8    God:    Okawaru [......]
Gold:   302        SH:  0    Dex: 23    Spells: 8/8 levels left

rFire   + . .        a - +3 sling {Ramose}
rCold   . . .        d - +0 sling {Haruki}
rNeg    . . .        j - +2 ring mail {rF+}
rPois   .            (no helmet)
rElec   .            (no cloak)
rCorr   .            (no gloves)
SInv    .            (no boots)
Will    .....        (amulet unavailable)
Stlth   ++           (ring unavailable)
HPRegen 0.30/turn    (ring unavailable)
MPRegen 0.11/turn    (no gizmo)

%: no passive effects
@: brilliant
A: off-hand wielding, slow wielding, warmup strikes, no jewellery
a: Invent Gizmo, Renounce Religion


You were on level 8 of the Dungeon.
You worshipped Okawaru.
Okawaru was noncommittal.
You visited 2 branches of the dungeon, and saw 9 of its levels.
You also visited: Ossuary.

You collected 354 gold pieces.
You spent 52 gold pieces at shops.

Inventory:

Hand Weapons
 a - a +3 sling (weapon) {Ramose}
 d - a +0 sling (offhand) {Haruki}
Missiles
 t - 2 throwing nets
Armour
 c - a +0 leather armour
 f - a +0 pair of boots
 j - a +2 ring mail of fire resistance (worn)
Wands
 v - a wand of mindburst (12)
Scrolls
 b - 3 scrolls of butterflies
 g - a scroll of fog
 i - a scroll of identify {@r1}
 m - a scroll of vulnerability
 n - 4 scrolls of enchant armour
 o - 3 scrolls of noise
 p - 2 scrolls of blinking {@r4}
 s - a scroll of enchant weapon
 u - a scroll of fear
Potions
 e - 2 potions of attraction
 h - a potion of heal wounds {@q2}
 l - a potion of lignification
 q - 4 potions of curing {@q1}
 r - a potion of resistance {unknown}


   Skills:
 - Level 3.3 Fighting
 + Level 12.0 Ranged Weapons
 - Level 3.0 Dodging
 - Level 2.4 Stealth


You had 8 spell levels left.
You didn't know any spells.
Your spell library contained the following spells:

 Spells                   Type           Power      Damage    Failure   Level
 Freeze                   Ice            0%         1d3       71%         1
 Kiss of Death            Conj/Necr      0%         2d5       71%         1
 Magic Dart               Conj           0%         1d3       71%         1
 Frozen Ramparts          Ice            0%         1d1       97%         3
 Hailstorm                Conj/Ice       0%         3d5       97%         3
 Inner Flame              Hex/Fire       0%         N/A       97%         3
 Ozocubu's Armour         Ice            0%         N/A       97%         3
 Iskenderun's Mystic Bla Conj/Tloc 0%             2d3        (+2d1     100%        4
 Fireball                 Conj/Fire      0%         3d3       100%        5
 Irradiate                Conj/Alch      0%         3d11      100%        5
 Metabolic Englaciation   Hex/Ice        0%         N/A       100%        5
 Ignition                 Fire           0%         3d3       100%        8
 Shatter                  Erth           0%         3d5*      100%        9


Dungeon Overview and Level Annotations

Branches:
Dungeon (8/15)             Temple (1/1) D:7         Ossuary (visited)
   Lair: D:8-11

Altars:
Ashenzari
Cheibriados
Dithmenos
Elyvilon
Fedhas
Gozag
Hepliaklqana
Kikubaaqudgha
Makhleb
Nemelex Xobeh
Okawaru
Qazlal
Ru
Trog
Uskayaw
Vehumet
Wu Jian
Xom
Yredelemnul
Zin
The Shining One

Shops:
D:1 =   D:5 !   D:6 :

Annotations:
D:4 2 transporters, Zonian's ghost, amateur GrEE
D:6 1 runed translucent door, Crazy Yiuf
D:8 Amaemon
Temple 2 transporters


Innate Abilities, Weirdness & Mutations

You can wield a second weapon in your off-hand.
It takes a long time for you to wield or remove held weapons.
Your first few attacks do less damage.
You cannot equip rings or amulets.


Message History

* * * LOW HITPOINT WARNING * * *
You take 12 damage, and have 14/64 hp.
You shoot a sling bullet. x2; Something hits you.
* * * LOW HITPOINT WARNING * * *
Something hits you.
* * * LOW HITPOINT WARNING * * *
You take 5 damage, and have 9/64 hp.
You shoot a sling bullet. x2; Something hits you but does no damage.
You feel better.
You regained 7 hp, and now have 17/64 hp.
It was a potion of brilliance.
You feel clever all of a sudden. Something hits you.
* * * LOW HITPOINT WARNING * * *
Something hits you.
* * * LOW HITPOINT WARNING * * *
Something hits you but does no damage.
You take 7 damage, and have 10/64 hp.
It was a potion of heal wounds.
You feel much better.
h - a potion of heal wounds;
u - a scroll of fear Something hits you but does no damage.
Something hits you.
You regained 19 hp, and now have 29/64 hp.
You shoot a sling bullet. x2; Something hits you.
Something hits you but does no damage.
You take 6 damage, and have 23/64 hp.
You shoot a sling bullet. x2; Something hits you but does no damage. x2
You shoot a sling bullet. x2; Something hits you but does no damage.
You shoot a sling bullet. x2; Something hits you.
* * * LOW HITPOINT WARNING * * *
Something hits you!
* * * LOW HITPOINT WARNING * * *
Something hits you but does no damage.
You take 14 damage, and have 9/64 hp.
MASSIVE DAMAGE!!
You shoot a sling bullet. x2; Something hits you!
* * * LOW HITPOINT WARNING * * *
Something hits you but does no damage.
You take 7 damage, and have 2/64 hp.
You shoot a sling bullet. x2; Something hits you but does no damage.
Something hits you.
You die...

#.# #.#≈§§§≈≈≈§..≈≈§§≈§≈
#.#######.#≈§≈≈≈≈§§..≈§§≈§≈≈
..#<......##≈§§≈§§§..≈≈§§≈≈§
.......######§§§§≈§.§≈≈≈≈§≈#
.......'....##§§≈§≈.§≈§§≈≈#
.#.....####.###§§§≈.§§§≈≈##
.####### #.####≈≈≈..≈≈≈## .#
#....####''#### .#
#.##..@{...# .# #.##########
#.# #.# #.# #.# #.#


There were no monsters in sight!

Vanquished Creatures
  Sigmund (D:2)
  Edmund (D:6)
  A water moccasin (D:8)
  4 black bears
  An ice beast (D:6)
  2 ogres (D:6)
  A centaur (D:6)
  2 phantoms (D:4)
  Blork the orc (D:6)
  A bullfrog (D:7)
  A kobold brigand (D:7)
  A scorpion (D:6)
  5 wights
  A howler monkey (D:5)
  7 hounds
  5 human zombies (Ossuary)
  4 jellies
  An orc priest (D:6)
  3 bombardier beetles
  A gnoll bouda (D:7)
  2 sleepcaps (D:7)
  2 iguanas
  7 orc wizards
  A hound zombie (Ossuary)
  4 mummies (Ossuary)
  5 gnolls (D:7)
  8 adders
  2 ufetubi (D:7)
  An adder zombie (Ossuary)
  3 dart slugs
  A ribbon worm (D:2)
  21 orcs
  2 bats
  9 endoplasms
  4 giant cockroaches
  A gnoll zombie (Ossuary)
  4 hobgoblins
  3 jackals (D:1)
  4 quokkas
  6 ball pythons
  3 frilled lizards
  7 goblins
  2 goblin zombies
  A hobgoblin zombie (Ossuary)
  A jackal zombie (Ossuary)
  19 kobolds
  A kobold zombie (Ossuary)
  3 rats (D:1)
  A rat zombie (D:4)
172 creatures vanquished.

Notes
Turn   | Place    | Note
-------+----------+-------------------------------------------
     0 | D:1      | Ofeo the Coglin Hunter began the quest for the Orb.
     0 | D:1      | Reached XP level 1. HP: 16/16 MP: 1/1
   231 | D:1      | Reached skill level 1 in Stealth
   232 | D:1      | Reached XP level 2. HP: 22/22 MP: 2/2
   366 | D:1      | Found Niesoaxa's Jewellery Shoppe.
   813 | D:1      | Reached XP level 3. HP: 28/28 MP: 3/3
  1351 | D:2      | Noticed Sigmund
  1366 | D:2      | Killed Sigmund
  1367 | D:2      | Reached skill level 4 in Ranged Weapons
  1367 | D:2      | Reached XP level 4. HP: 30/35 MP: 4/4
  1367 | D:2      | Reached XP level 5. HP: 35/41 MP: 5/5
  2193 | D:3      | Got the Collected Works on Vibrant Metal
  2217 | D:3      | Reached XP level 6. HP: 40/47 MP: 6/6
  3135 | D:4      | Reached skill level 5 in Ranged Weapons
  3256 | D:4      | Found a sand-covered staircase.
  3273 | Ossuary  | Entered an ossuary
  3295 | Ossuary  | Reached XP level 7. HP: 52/52 MP: 7/7
  3304 | Ossuary  | Reached skill level 6 in Ranged Weapons
  3661 | D:4      | Reached skill level 7 in Ranged Weapons
  4136 | D:4      | Reached XP level 8. HP: 45/58 MP: 8/8
  4441 | D:4      | Found a transporter.
  4444 | D:4      | Noticed Zonian's ghost (amateur GrEE)
  4453 | D:4      | Found a transporter.
  4549 | D:5      | Entered Level 5 of the Dungeon
  4550 | D:5      | Found Isoa's Distillery.
  4555 | D:5      | Bought a potion of might for 52 gold pieces
  4670 | D:5      | Reached skill level 8 in Ranged Weapons
  5538 | D:5      | Reached skill level 9 in Ranged Weapons
  5631 | D:5      | Found a sparkling altar of Nemelex Xobeh.
  5634 | D:5      | Found a snail-covered altar of Cheibriados.
  5797 | D:6      | Identified the +2 robe "Kappatz" {rN+ Int+5}
  6126 | D:6      | Reached XP level 9. HP: 64/64 MP: 9/9
  6159 | D:6      | Reached skill level 10 in Ranged Weapons
  6212 | D:6      | Noticed Blork the orc
  6229 | D:6      | Killed Blork the orc
  6416 | D:6      | Found a broken altar of Ashenzari.
  6544 | D:6      | Noticed Edmund
  6584 | D:6      | Killed Edmund
  6926 | D:6      | Found Nuatoaf's Book Shoppe.
  6935 | D:6      | Reached skill level 11 in Ranged Weapons
  7355 | D:6      | Found a runed translucent door.
  7356 | D:6      | Noticed Crazy Yiuf
  7443 | D:7      | Found a staircase to the Ecumenical Temple.
  7462 | Temple   | Found a transporter.
  7462 | Temple   | Found a transporter.
  7462 | Temple   | Found a transporter.
  7462 | Temple   | Found a transporter.
  7462 | Temple   | Entered the Ecumenical Temple
  7478 | Temple   | Became a worshipper of Warmaster Okawaru
  7927 | D:7      | Found an ancient bone altar of Kikubaaqudgha.
  7972 | D:7      | Noticed a vault sentinel
  7972 | D:7      | Noticed a vault sentinel
  8324 | D:7      | Found the +18 shield of the Gong {Loud rN+ Will+ rCorr
                  | EV-5}
  8519 | D:8      | Noticed Amaemon
  8519 | D:8      | Noticed an orange demon
  8550 | D:7      | Reached skill level 12 in Ranged Weapons
  8600 | D:8      | Noticed a centaur warrior
  8627 | D:8      | HP: 2/64 [something (7)]
  8628 | D:8      | Slain by an unseen horror

Illustrated notes

Levels and vault maps discovered:
D:1:      elethiomel_arrival_infinity_welcomes_careful_drivers,
          layout_loops_cross, serial_shops, shop_fountains,
          kennysheep_flooded_box
D:2:      layout_basic, uniq_sigmund
D:3:      layout_loops_corners, st_stairs_5, minmay_tree_intersection
D:4:      layout_basic, gammafunk_ghost_mausoleum, enter_ossuary_4
D:5:      layout_loops_corners, nicolae_overflow_hidden_temple, serial_shops,
          shop, minmay_misc_feat_encased
D:6:      minmay_recursive_quarters, layout_basic,
          ashenzari_conservatory_becter, serial_shops,
          nicolae_shop_tiny_waterfront, uniq_blork_the_orc,
          uniq_crazy_yiuf_cottage, uniq_edmund
D:7:      layout_loops_ring, kennysheep_mini, minmay_temple_entry_junction,
          hellmonk_guarded_unrand_gong
D:8:      kennysheep_big_flooded_room, layout_basic, uniq_jeremiah, uniq_psyche,
          uniq_amaemon
Temple:   hellmonk_temple_divided_pantheon

Skill      XL: |  1  2  3  4  5  6  7  8  9 |
---------------+----------------------------+-----
Stealth        | 1 2 |  2.4
Dodging        | 2 3 |  3.0
Fighting       | 3 |  3.3
Ranged Weapons | 4 5 7 9 12 | 12.0

Action                     |  1- 3 |  4- 6 |  7- 9 || total
---------------------------+-------+-------+-------++-------
  Melee: Sling             |       |       |     8 ||     8
   Fire: Sling             |   120 |   212 |   858 ||  1190
    Use: Scroll            |       |     5 |     8 ||    13
         Potion            |       |     1 |     6 ||     7
 Armour: Leather armour    |    11 |    15 |       ||    26
         Skin              |       |   111 |   151 ||   262
         Ring mail         |       |     2 |   188 ||   190
  Dodge: Dodged            |    14 |    25 |    98 ||   137

Table legend: (Time is in decaauts)
 A = Elapsed time spent in this place.
 B = Non-inter-level travel time spent in this place.
 C = Inter-level travel time spent in this place.
 D = Time resting spent in this place.
 E = Time spent auto-exploring this place.
 F = Levels seen in this place.
 G = Mean time per level.
                   A        B        C        D        E       F      G
               +--------+--------+--------+--------+--------+-----+--------+
         Total |   8691 |   8352 |    339 |    419 |   6607 |  10 |  869.1 |
       Dungeon |   8310 |   7978 |    332 |    314 |   6491 |   8 | 1038.8 |
        Temple |     31 |     24 |      7 |      0 |      0 |   1 |   31.0 |
       Ossuary |    348 |    348 |      0 |    105 |    116 |   1 |  348.0 |
               +--------+--------+--------+--------+--------+-----+--------+

Top non-repeatable levels by time:
     D:6: 1661 daAuts
     D:5: 1253 daAuts
     D:2: 1119 daAuts
     D:3: 1109 daAuts
     D:4: 1097 daAuts
     D:7: 944 daAuts
     D:1: 930 daAuts
 Ossuary: 348 daAuts
     D:8: 195 daAuts
  Temple: 31 daAuts
